 Dungeon Crawl Stone Soup version 0.17.1-1-g73c8601 (webtiles) character file.

38830 abixa the Bludgeoner (level 14, -13/157 HPs)
             Began as an Ogre Skald on Jan 3, 2016.
             Was the Champion of Okawaru.
             Mangled by an orc warrior
             ... wielding a +0 trident
             ... led by an orc knight
              (24 damage)
             ... on level 3 of the Orcish Mines on Jan 4, 2016.
             The game lasted 02:25:11 (30024 turns).

abixa the Bludgeoner (Ogre Skald)                  Turns: 30024, Time: 02:25:11

Health: -13/157    AC: 13    Str: 20    XL:     14   Next: 3%
Magic:  0/17       EV:  5    Int: 19    God:    Okawaru [******]
Gold:   1771       SH:  0    Dex: 13    Spells: 10 memorised, 7 levels left

rFire  . . .     SeeInvis .     P - +8 great mace "Fiacaa Piede" {freeze, MP-9 Int+4 Dex+4}
rCold  + . .     Clarity  +     Q - +1 shadow dragon armour
rNeg   . . .     SustAt   .     (shield currently unavailable)
rPois  .         Gourm    .     O - +0 hat {Spirit}
rElec  .         Spirit   +     A - +0 cloak {MR+}
rCorr  .         Warding  .     (gloves unavailable)
rMut   .         Stasis   .     (boots unavailable)
MR     ++...                    n - amulet of clarity
Stlth  ++........               g - ring of wizardry
                                m - ring of protection from cold

@: very slightly contaminated, drained, very resistant to hostile enchantments,
unstealthy
A: unfitting armour, tough skin 1
a: Heroism, Finesse, Renounce Religion


You were on level 3 of the Orcish Mines.
You worshipped Okawaru.
Okawaru was exalted by your worship.
You were hungry.

You visited 4 branches of the dungeon, and saw 21 of its levels.
You also visited: Labyrinth, Ice Cave and Volcano.

You collected 2372 gold pieces.
You spent 601 gold pieces at shops.

Inventory:

Hand Weapons
 b - a +5 blowgun
 P - the +8 great mace "Fiacaa Piede" (weapon) {freeze, MP-9 Int+4 Dex+4}
   (Okawaru gifted it to you on level 11 of the Dungeon)

   It has been specially enchanted to freeze those struck by it, causing extra
   injury to most foes and up to half again as much damage against particularly
   susceptible opponents.
   It can also slow down cold-blooded creatures.
   It affects your intelligence (+4).
   It affects your dexterity (+4).
   It affects your magic capacity (-9).
Missiles
 l - 8 tomahawks
 o - 50 poisoned needles
 u - 8 poisoned javelins (quivered)
 w - 24 large rocks
 G - 14 curare-tipped needles
Armour
 p - a +0 robe of magic resistance
 r - a +2 robe of fire resistance
 y - a +1 robe of the Archmagi
 z - the +0 robe "Ojuk" {rPois Int+4}
   (Okawaru gifted it to you on level 1 of the Lair of Beasts)

   It affects your intelligence (+4).
   It protects you from poison.
 A - a +0 cloak of magic resistance (worn)
 M - a +0 robe of cold resistance
 O - a +0 hat of spirit shield (worn)
 Q - a +1 shadow dragon armour (worn)
Jewellery
 c - the ring "Tythryluo" {Ice -Tele rElec MR- Stlth+}
   (You took it off a minotaur in a labyrinth)

   [ring of ice]

   It enhances your ice magic, and weakens your fire magic.
   It makes you vulnerable to fire.
   It protects you from cold.
   It insulates you from electricity.
   It affects your resistance to hostile enchantments.
   It prevents most forms of teleportation.
   It makes you more stealthy.
 d - an uncursed amulet of resist mutation
 g - a ring of wizardry (right hand)
 k - an uncursed ring of sustain attributes
 m - a ring of protection from cold (left hand)
 n - an amulet of clarity (around neck)
 t - an uncursed amulet of warding
 C - an uncursed ring of protection from cold
Wands
 D - a wand of polymorph (4)
 S - a wand of digging (11)
 Y - a wand of paralysis (6)
Scrolls
 a - a scroll of torment {unknown}
 f - 11 scrolls of teleportation
 h - a scroll of fog
 i - 2 scrolls of amnesia
 j - 3 scrolls of blinking
 q - a scroll of holy word {unknown}
 x - 3 scrolls of immolation
 F - 2 scrolls of vulnerability
 H - a scroll of recharging
 J - 3 scrolls of remove curse
 X - a scroll of fear
Potions
 e - a potion of heal wounds
 v - 4 potions of flight
 B - a potion of invisibility {unknown}
 E - a potion of haste {unknown}
 I - 2 potions of poison {unknown}
 K - 6 potions of curing
 L - 5 potions of agility
 U - a potion of cancellation
 V - a potion of magic
 W - 3 potions of might
 Z - 2 potions of berserk rage {unknown}
Comestibles
 s - 9 fruits
 N - a bread ration


   Skills:
 + Level 14.4(14.2) Fighting
 * Level 17.8(17.6) Maces & Flails
 + Level 8.1(8.0) Throwing
 - Level 1.3(1.2) Dodging
 + Level 8.4(8.2) Spellcasting
 + Level 5.4(5.2) Hexes
 - Level 5.5(5.3) Charms
 * Level 4.7(4.6) Invocations


You had 7 spell levels left.
You knew the following spells:

 Your Spells              Type           Power        Failure   Level  Hunger
a - Infusion              Chrm           ####..       6%          1    None
b - Song of Slaying       Chrm           ####....     9%          2    None
c - Shroud of Golubria    Chrm/Tloc      ###.......   32%         2    None
d - Spectral Weapon       Hex/Chrm       ####....     19%         3    None
e - Tukima's Dance        Hex            ####....     19%         3    None
f - Regeneration          Chrm/Necr      ###.......   65%         3    None
g - Apportation           Tloc           #.........   63%         1    None
h - Confuse               Hex            ####....     19%         3    None
i - Corona                Hex            ####...      6%          1    None
j - Gell's Gravitas       Hex/Tloc       ###.......   65%         3    None


Dungeon Overview and Level Annotations

Branches:
Dungeon (12/15)            Temple (1/1) D:4            Lair (4/8) D:11
  Swamp (0/4) Lair:3       Spider (0/4) Lair:3          Orc (4/4) D:12
    Elf: Orc:3-4

Altars:
Ashenzari
Cheibriados
Dithmenos
Elyvilon
Fedhas
Gozag
Kikubaaqudgha
Makhleb
Nemelex Xobeh
Okawaru
Qazlal
Ru
Sif Muna
Trog
Vehumet
Xom
Yredelemnul
Zin
The Shining One
Beogh

Shops:
D:8 *!(}   D:10 ?

Annotations:
D:4 Gargoyl's ghost, amateur GrEE
Orc:4 1 exclusion


Innate Abilities, Weirdness & Mutations

You are too large for most types of armour.
You have tough skin (AC +1).


Message History

Deactivating autopickup; reactivate with Ctrl-A.
An orc comes into view. It is wielding a short sword.
The orc priest miscasts a cantrip.
The orc priest calls down the wrath of Beogh upon you.
Something smites you!
* * * LOW HITPOINT WARNING * * *
Found 14 gold pieces.
There is a stone staircase leading up here.
The orc hits you but does no damage.
You climb upwards.
The orc knight shouts! 3 orcs, 2 orc warriors and an orc priest come into view.
The orc shouts!
The orc warrior shouts!
The orc warrior shouts!
The orc shouts!
The orc priest shouts!
The orc knight roars a battlecry!
The orcs go into a battle-frenzy!
The orc knight hits you with a halberd!
* * * LOW HITPOINT WARNING * * *
The orc warrior hits you with a trident!!
You die...

###
...######
......o.##
....o....#
##.......#
#.....oo.#
.....o.@o#
.<....o.o#
#........#
..>.....##
.....$..#
#......##
.......
#.8...#


You could see an orc knight, 2 orc warriors, an orc priest (frenzied) and 4
orcs.

Vanquished Creatures
  Gastronok (D:8)
  A minotaur (Lab)
  Erolcha (D:8)
  2 hydras
  Sonja (D:10)
  An orange crystal statue (D:10)
  Pikel (D:8)
  2 hill giants
  4 ugly things
  2 cyclopes (D:12)
  An orc knight (D:10)
  An orc sorcerer (Orc:1)
  3 ice statues (IceCv)
  3 molten gargoyles (Volcano)
  A gargoyle (D:10)
  12 spiny frogs
  A fire drake (Lair:3)
  3 komodo dragons
  A komodo dragon (shapeshifter) (D:11)
  3 trolls
  4 polar bears (Lair:3)
  A two-headed ogre (Orc:4)
  A fire elemental (Volcano)
  Sigmund (D:2)
  3 hippogriffs
  A deep elf mage (D:11)
  A wraith (D:10)
  7 yaks
  2 basilisks
  A steam dragon (Lair:4)
  12 wolves
  2 fire bats (Volcano)
  2 wargs (Orc:2)
  9 water moccasins
  3 slaves
  2 sky beasts
  19 orc warriors
  8 black bears
  11 porcupines
  17 ice beasts
  8 spiders (Lair:3)
  5 ogres
  A phantom (D:7)
  A wasp (D:10)
  4 centaurs
  4 big kobolds
  9 crocodiles
  21 giant frogs
  3 earth elementals (Volcano)
  4 scorpions
  8 wights
  12 killer bees
  2 centaur zombies
  4 crimson imps
  2 giant frog zombies
  2 lava snakes (Volcano)
  10 jellies
  7 hounds
  Crazy Yiuf (D:2)
  3 giant frog skeletons
  A gnoll shaman (D:6)
  38 orc wizards
  17 orc priests
  Terence (D:2)
  11 worker ants
  4 iguanas
  A killer bee zombie (D:9)
  18 sheep
  A hound skeleton (D:7)
  3 worker ant zombies
  11 gnolls
  12 adders
  3 shadow imps
  22 river rats
  7 oozes
  3 adder skeletons
  An adder zombie (D:5)
  A worm (D:3)
  4 giant geckos
  170 orcs
  11 bats
  4 giant cockroaches
  25 hobgoblins
  20 jackals
  5 quokkas
  2 ball pythons (D:2)
  A ball python skeleton (D:4)
  2 giant gecko skeletons
  37 goblins
  25 kobolds
  2 quokka zombies
  9 rats
735 creatures vanquished.

Vanquished Creatures (others)
  A slave (D:8)
  An orc (Orc:1)
  A bush (D:11)
  14 fungi
  A plant (D:11)
  6 spectral weapons
24 creatures vanquished.

Grand Total: 759 creatures vanquished

Notes
Turn   | Place    | Note
--------------------------------------------------------------
     0 | D:1      | abixa the Ogre Skald began the quest for the Orb.
     0 | D:1      | Reached XP level 1. HP: 22/22 MP: 3/3
   147 | D:1      | Reached skill level 3 in Maces & Flails
   292 | D:1      | Reached XP level 2. HP: 29/29 MP: 5/5
   336 | D:1      | Reached skill level 4 in Maces & Flails
   728 | D:1      | Reached XP level 3. HP: 24/36 MP: 3/6
  1327 | D:2      | Noticed Sigmund
  1975 | D:3      | Learned a level 2 spell: Song of Slaying
  2006 | D:3      | Reached skill level 5 in Maces & Flails
  2333 | D:3      | Reached XP level 4. HP: 36/44 MP: 7/7
  2760 | D:3      | Reached skill level 6 in Maces & Flails
  3121 | D:3      | Reached XP level 5. HP: 18/50 MP: 2/8
  3422 | D:4      | Learned a level 2 spell: Shroud of Golubria
  3501 | D:4      | Reached skill level 7 in Maces & Flails
  3696 | D:4      | Found a burning altar of Makhleb.
  3753 | D:4      | Found a staircase to the Ecumenical Temple.
  3759 | Temple   | Entered the Ecumenical Temple
  3799 | Temple   | Became a worshipper of Warmaster Okawaru
  3982 | D:4      | Noticed Gargoyl's ghost (amateur GrEE)
  4594 | D:4      | Reached skill level 8 in Maces & Flails
  4664 | D:4      | Reached XP level 6. HP: 49/61 MP: 2/9
  6356 | D:4      | Reached skill level 9 in Maces & Flails
  6356 | D:4      | Reached XP level 7. HP: 36/71 MP: 6/10
  6615 | D:4      | Reached * piety under Okawaru
  6615 | D:4      | Reached skill level 5 in Fighting
  7518 | D:5      | Entered Level 5 of the Dungeon
  7668 | D:5      | Reached skill level 1 in Invocations
  7924 | D:5      | Reached XP level 8. HP: 72/84 MP: 11/11
  8176 | D:5      | Reached skill level 10 in Maces & Flails
  8538 | D:5      | Found a shimmering altar of Xom.
  9099 | D:2      | Killed Sigmund
  9099 | D:2      | Reached ** piety under Okawaru
  9285 | D:2      | Noticed Terence
  9297 | D:2      | Killed Terence
  9324 | D:2      | Noticed Crazy Yiuf
  9387 | D:2      | Killed Crazy Yiuf
  9712 | D:6      | Reached skill level 11 in Maces & Flails
 10735 | D:6      | Reached XP level 9. HP: 95/98 MP: 12/12
 11041 | D:6      | Reached *** piety under Okawaru
 11041 | D:6      | Reached skill level 12 in Maces & Flails
 11817 | D:6      | Learned a level 3 spell: Spectral Weapon
 12133 | D:7      | Reached skill level 10 in Fighting
 12628 | D:7      | Found a shimmering altar of Xom.
 12628 | D:7      | Found a bloodstained altar of Trog.
 13061 | D:8      | Noticed Pikel
 13260 | D:8      | Found Wajoloiw's Weapon Emporium.
 13338 | D:8      | Noticed Gastronok
 13792 | D:8      | Reached skill level 13 in Maces & Flails
 13792 | D:8      | Reached skill level 1 in Hexes
 13953 | D:8      | Found a glowing golden altar of the Shining One.
 13953 | D:8      | Found a radiant altar of Vehumet.
 14205 | D:8      | Reached skill level 1 in Throwing
 14205 | D:8      | Reached XP level 10. HP: 101/111 MP: 13/13
 14213 | D:8      | Noticed Erolcha
 14273 | D:8      | Killed Pikel
 14273 | D:8      | Reached **** piety under Okawaru
 14685 | D:8      | Found Enuenewu's Distillery.
 14699 | D:8      | Bought a potion of mutation for 35 gold pieces
 14699 | D:8      | Bought a potion of flight for 42 gold pieces
 14699 | D:8      | Bought a potion of cancellation for 112 gold pieces
 14699 | D:8      | Bought a potion of curing for 42 gold pieces
 14699 | D:8      | Bought a potion of magic for 112 gold pieces
 14772 | D:8      | Killed Gastronok
 14772 | D:8      | Reached ***** piety under Okawaru
 14789 | D:8      | Found Kokhlenum's Gadget Shop.
 15634 | D:9      | Reached skill level 14 in Maces & Flails
 15717 | D:8      | Found Zemif's Assorted Antiques.
 15765 | D:8      | Bought a scroll labeled GISAGU MUKIU for 23 gold pieces
 15765 | D:8      | Bought a scroll labeled HEF COTYOTAMU for 23 gold pieces
 15765 | D:8      | Bought a runed robe for 16 gold pieces
 15765 | D:8      | Bought a runed cloak for 103 gold pieces
 15991 | D:8      | Reached XP level 11. HP: 123/123 MP: 15/15
 16365 | D:8      | Killed Erolcha
 16365 | D:8      | Received a gift from Okawaru
 17020 | D:9      | Found a sparkling altar of Nemelex Xobeh.
 17021 | D:9      | Found an opulent altar of Gozag.
 17072 | D:10     | Entered Level 10 of the Dungeon
 17082 | D:10     | Found Zohook's Magic Scroll Shoppe.
 17082 | D:10     | Noticed Sonja
 17099 | D:10     | Killed Sonja
 17115 | D:10     | Bought a scroll of magic mapping for 59 gold pieces
 17115 | D:10     | Bought a scroll of fog for 34 gold pieces
 17181 | D:10     | Noticed an orange crystal statue
 17756 | D:10     | Noticed a hill giant
 17777 | D:11     | Reached skill level 5 in Throwing
 18156 | D:11     | Received a gift from Okawaru
 18159 | D:11     | Got a brightly glowing great mace {god gift}
 18160 | D:11     | Identified the +8 great mace "Fiacaa Piede" {freeze, MP-9 Int+4 Dex+4} (Okawaru gifted it to you on level 11 of the Dungeon)
 18281 | D:11     | Reached skill level 15 in Maces & Flails
 18606 | D:11     | Learned a level 3 spell: Tukima's Dance
 18654 | D:11     | Found a staircase to the Lair.
 18783 | D:11     | Reached skill level 5 in Spellcasting
 19866 | D:10     | Reached XP level 12. HP: 117/133 MP: 6/20
 19878 | D:10     | Noticed an orc knight
 19887 | D:10     | Killed an orc knight
 19887 | D:10     | Reached ****** piety under Okawaru
 20077 | D:10     | Killed a hill giant
 20298 | D:10     | Killed an orange crystal statue
 20434 | D:10     | Learned a level 3 spell: Regeneration
 20436 | D:10     | Learned a level 1 spell: Apportation
 20440 | D:10     | Learned a level 3 spell: Confuse
 20443 | D:10     | Learned a level 1 spell: Corona
 20496 | Lair:1   | Entered Level 1 of the Lair of Beasts
 20511 | Lair:1   | Received a gift from Okawaru
 20512 | Lair:1   | Got a shimmering robe {god gift}
 20523 | Lair:1   | Identified the +0 robe "Ojuk" {rPois Int+4} (Okawaru gifted it to you on level 1 of the Lair of Beasts)
 20639 | Lair:1   | Reached skill level 5 in Charms
 21176 | Lair:1   | Reached skill level 16 in Maces & Flails
 21932 | Lair:2   | Found a labyrinth entrance.
 21967 | Lab      | Entered a labyrinth
 22615 | Lab      | Noticed a minotaur
 22632 | Lab      | Killed a minotaur
 22634 | Lab      | Got a pitted brass ring
 22887 | Lab      | Identified the ring "Tythryluo" {Ice -Tele rElec MR- Stlth+} (You took it off a minotaur in a labyrinth)
 23012 | Lair:2   | Noticed an eight-headed hydra
 23025 | Lair:2   | Killed an eight-headed hydra
 23609 | Lair:3   | Found a staircase to the Swamp.
 23698 | Lair:3   | Found a hole to the Spider Nest.
 24008 | Lair:3   | Reached XP level 13. HP: 133/144 MP: 10/23
 24015 | Lair:3   | Learned a level 3 spell: Gell's Gravitas
 24108 | Lair:3   | Received a gift from Okawaru
 24236 | Lair:3   | Got a jewelled great mace {god gift}
 24237 | Lair:3   | Identified the +1 great mace of Free Will {elec, Dex+4} (Okawaru gifted it to you on level 3 of the Lair of Beasts)
 24747 | Lair:4   | Reached skill level 17 in Maces & Flails
 25687 | D:12     | Reached skill level 5 in Hexes
 25724 | D:12     | Received a gift from Okawaru
 25788 | D:12     | Found a frozen archway.
 25881 | IceCv    | Entered an ice cave
 26169 | D:12     | Received a gift from Okawaru
 26244 | D:12     | Found a roughly hewn altar of Beogh.
 26244 | D:12     | Found a staircase to the Orcish Mines.
 26434 | D:12     | Received a gift from Okawaru
 26893 | Orc:1    | Entered Level 1 of the Orcish Mines
 27218 | Orc:1    | Paralysed by an orc sorcerer for 3 turns
 27222 | Orc:1    | Found a dark tunnel.
 27225 | Volcano  | Entered a volcano
 27677 | Volcano  | Received a gift from Okawaru
 28175 | Volcano  | Found a bloodstained altar of Trog.
 29076 | Orc:2    | Received a gift from Okawaru
 29299 | Orc:2    | Reached XP level 14. HP: 138/157 MP: 12/26
 29914 | Orc:4    | Entered Level 4 of the Orcish Mines
 30024 | Orc:3    | Mangled by an orc warrior

Action                   |  1- 3 |  4- 6 |  7- 9 | 10-12 | 13-15 || total
-------------------------+-------+-------+-------+-------+-------++-------
Melee: Mace              |   156 |   243 |   176 |    11 |       ||   586
       Flail             |       |       |   319 |    52 |       ||   371
       Giant spiked club |       |       |       |   146 |       ||   146
       Whip              |       |       |       |     3 |       ||     3
       Great mace        |       |       |       |   263 |   459 ||   722
 Fire: Hunting sling     |       |     6 |       |       |       ||     6
       Blowgun           |       |       |    33 |    72 |       ||   105
Throw: Stone             |       |     2 |     2 |       |       ||     4
       Tomahawk          |       |       |       |    25 |     3 ||    28
       Javelin           |       |       |       |       |     4 ||     4
 Cast: Infusion          |     8 |    22 |    40 |    10 |       ||    80
       Spectral Weapon   |       |       |       |    26 |    36 ||    62
       Confuse           |       |       |       |    15 |     1 ||    16
       Corona            |       |       |       |     2 |     1 ||     3
       Regeneration      |       |       |       |       |    12 ||    12
       Song of Slaying   |       |       |       |       |     3 ||     3
Invok: Heroism           |       |       |       |     2 |       ||     2
Evoke: Wand              |       |       |       |     1 |     1 ||     2
  Use: Potion            |       |       |     3 |       |       ||     3
       Scroll            |       |       |       |    13 |     9 ||    22
 Stab: Sleeping          |       |       |     2 |       |     2 ||     4
       Distracted        |       |       |       |     4 |       ||     4
       Paralysed         |       |       |       |    13 |       ||    13
       Confused          |       |       |       |    11 |     1 ||    12
  Eat: Chunk             |     5 |    13 |    26 |    26 |    15 ||    85
       Fruit             |       |       |       |     9 |     4 ||    13
